[Event "*** Titled Tuesday Blitz"]
[Site "Chess.com"]
[Date "2020.01.07"]
[Round "3"]
[White "secretsuperstar7"]
[Black "allvim"]
[Result "0-1"]
[WhiteElo "2200"]
[BlackElo "2360"]
[TimeControl "180+2"]
[EndTime "13:40:06 PST"]
[Termination "allvim won by resignation"]

1. d4 d5 2. c4 c6 3. cxd5 cxd5 4. Nc3 Nf6 5. Bf4 e6 6. e3 Be7 7. Nf3 O-O 8. h3 Nc6 9. Bd3 h6 10. O-O a6 11. Rc1 Bd6 12. Bxd6 Qxd6 13. Bb1 Bd7 14. a3 Rac8 15. Qd3 Rfe8 16. e4 dxe4 17. Nxe4 Nxe4 18.
Qxe4 g6 19. Qh4 Kg7 20. Rcd1 Ne7 21. Ne5 Nd5 22. Ng4 h5 23. Ne5 Bb5 24. Rfe1 Rc7 25. Qg5 Qe7 26. Qg3 Qf6 27. Be4 Qf4 28. Bxd5 Qxg3 29.
fxg3 exd5 30. Rd2 f6 31. a4 Bxa4 32. Nd3 Rxe1+ 33. Nxe1 Rc1 34. Kf2 Bb5 35. Rc2 Rxc2+ 36. Nxc2 Kf7 37. Nb4 Ke6 38. Ke3 Kd6 39. Kf4 a5 40. Nc2 Bf1 41. Ne3 Bb5 42. g4 hxg4 43. Nxg4 Ke6 44. Ne3 Bd3 45. h4 b5 46. g4 a4 47. Nd1 b4 48. h5 gxh5 49. gxh5 a3 50.
bxa3 bxa3 51. Nc3 Bc4 52. h6 Kf7 53. Ke3 a2 0-1

[Event "*** Titled Tuesday Blitz"]
[Site "Chess.com"]
[Date "2020.01.07"]
[Round "3"]
[White "ITheOnlyME"]
[Black "MikeSailer"]
[Result "0-1"]
[WhiteElo "2308"]
[BlackElo "2103"]
[TimeControl "180+2"]
[EndTime "13:40:06 PST"]
[Termination "MikeSailer won by checkmate"]

1. d4 d5 2. Bf4 Nf6 3. e3 Bf5 4. c4 e6 5. Nc3 Nc6 6. Nb5 Rc8 7. c5 a6 8. Nc3 Be7 9. Be2 O-O 10.
h3 h6 11. Nf3 Ne4 12. O-O Re8 13. Nxe4 Bxe4 14. Nd2 Bh7 15. Bh2 e5 16. Nf3 exd4 17.
exd4 Bf6 18. Re1 Be4 19. Qd2 Bxf3 20. Bxf3 Rxe1+ 21. Rxe1 Nxd4 22. Bg4 Ra8 23. Rd1 c6 24. Re1 Nb5 25. a4 Nc7 26. Qf4 Ne8 27. b4 d4 28.
Bf5 Qd5 29. Bd3 Bg5 30. Qg4 Nf6 31. Qd1 Nh7 32. Qc2 Nf8 33. Bc4 Qd7 34. Bd6 Re8 35. Rd1 Bf6 36. Qb3 Ng6 37. b5 axb5 38. axb5 Ne5 39.
b6 Nxc4 40. Qxc4 Qe6 41. Qd3 Qe4 42. Qxe4 Rxe4 43. Rd3 Re1+ 44. Kh2 Re2 45. f4 Re3 46.
Rd2 d3 47. Ra2 Bc3 48. Ra7 d2 49. Rxb7 d1=Q 50. Rb8+ Kh7 51. b7 Re1 52. Rh8+ Kxh8 53.
b8=Q+ Kh7 54. Qc8 Rh1+ 55. Kg3 Be1# 0-1

[Event "*** Titled Tuesday Blitz"]
[Site "Chess.com"]
[Date "2020.01.07"]
[Round "3"]
[White "vanea_03"]
[Black "Olga_Zhuravleva"]
[Result "1-0"]
[WhiteElo "2698"]
[BlackElo "2364"]
[TimeControl "180+2"]
[EndTime "13:40:08 PST"]
[Termination "vanea_03 won by resignation"]

1. d4 g6 2. e4 Bg7 3. Nf3 d6 4. c3 Nc6 5. Bd3 e5 6. O-O Bg4 7. d5 Nce7 8. h3 Bd7 9. c4 h6 10. Nc3 f5 11. c5 Nf6 12. cxd6 cxd6 13. Nb5 Nxe4 14. Na3 Nf6 15. Bc4 O-O 16. Nxe5 dxe5 17. d6+ Kh7 18. dxe7 Qxe7 19. Be3 a6 20. Rc1 Bc6 21.
Bc5 Qc7 22. Bxf8 Rxf8 23. Qe2 Qb6 24. Rfd1 Ne4 25. Bd5 Ng3 26. Qf3 Bxd5 27. Rxd5 Nh5 28. Qb3 Qxb3 29. axb3 Nf4 30. Rd2 Rf7 31. Rcd1 e4 32.
Rd7 Rxd7 33. Rxd7 Kg8 34. Rxb7 Bxb2 35. Nc4 Bd4 36. Rd7 Bc5 37. Ne5 g5 38. Rc7 Bd6 39.
Rc8+ Kg7 40. Nc4 Bb4 41. Ne3 Kf6 42. g3 Ne2+ 43. Kf1 Nd4 44. Nd5+ Ke5 45. Nxb4 Nxb3 46. Nxa6 f4 47. gxf4+ gxf4 48. Re8+ Kf5 49. Nb4 Nd2+ 50.
Ke2 Nb3 51. Nc6 Nc1+ 52. Kd2 Nb3+ 53. Kc3 Nc1 54. Re5+ Kf6 55. Rxe4 Kf5 56. Re5+ Kf6 57. Kc2 Na2 58. Ra5 1-0

[Event "*** Titled Tuesday Blitz"]
[Site "Chess.com"]
[Date "2020.01.07"]
[Round "3"]
[White "tteshan"]
[Black "TypeThreeWaffles"]
[Result "1-0"]
[WhiteElo "2292"]
[BlackElo "2477"]
[TimeControl "180+2"]
[EndTime "13:40:08 PST"]
[Termination "tteshan won by resignation"]

1. d4 d5 2. c4 c6 3. Nc3 Nf6 4. e3 e6 5. Nf3 Nbd7 6. Bd3 dxc4 7.
Bxc4 b5 8. Bd3 Bb7 9. O-O a6 10. a4 b4 11. Ne4 Nxe4 12. Bxe4 Nf6 13. Bc2 c5 14. b3 cxd4 15. Nxd4 Nd5 16. Bb2 Bd6 17.
Qg4 Nf6 18. Qg5 h6 19. Qh4 g5 20. Qh3 g4 21. Qh4 Be7 22. Rfd1 Qb6 23. a5 Qc5 24. Rac1 Qg5 25. Qxg5 hxg5 26. Bd3 Bd6 27. g3 Ke7 28. Bf1 Rxh2 29. Nc6+ Bxc6 30. Rxc6 Rah8 31. Bg2 Bb8 32. Rxa6 R2h6 33. Ra8 Rc8 34. a6 Rhh8 35. a7 Bxa7 36. Rxa7+ Kf8 37. Bxf6 Rh6 38. Bxg5 Rg6 39. Rd8+ Rxd8 40.
Bxd8 Kg7 41. Rb7 Rh6 42. Rxb4 f5 43. Rb7+ Kf8 44. Bg5 Rg6 45. Bh4 e5 46. b4 e4 47. b5 Ke8 48. Bf1 Rd6 49. b6 Rd1 50.
Kg2 f4 51. gxf4 g3 52. Bxg3 Kd8 53. Rc7 Rb1 54. Bh4+ Ke8 55. b7 1-0

[Event "*** Titled Tuesday Blitz"]
[Site "Chess.com"]
[Date "2020.01.07"]
[Round "3"]
[White "Saitama_Hero"]
[Black "j2806"]
[Result "1-0"]
[WhiteElo "2299"]
[BlackElo "1842"]
[TimeControl "180+2"]
[EndTime "13:40:09 PST"]
[Termination "Saitama_Hero won by resignation"]

1. Nf3 Nf6 2. c4 e6 3. g3 d5 4. Bg2 Be7 5. b3 O-O 6. O-O c5 7. Bb2 Nc6 8. cxd5 exd5 9. d4 Be6 10. Nc3 Rc8 11. Rc1 cxd4 12. Nxd4 Nxd4 13. Qxd4 Bc5 14. Qd2 d4 15. Na4 Be7 16. Bxb7 Rb8 17. Bg2 Bd5 18. Qxd4 Bxg2 19. Kxg2 Qxd4 20. Bxd4 Rfd8 21. Bxa7 Rb7 22.
Bb6 Rdb8 23. Rfd1 Kf8 24. Bc5 Bxc5 25. Nxc5 Re7 26. e3 Ra8 27. a4 Rb8 28. a5 Ne4 29.
Nxe4 Rxe4 30. Rd3 Reb4 31. a6 Ra8 32. Ra1 Rb6 33. Rd7 Rbxa6 34. Rxa6 Rxa6 35. Rb7 Ra8 36. f4 Ra2+ 37. Kh3 g6 38. b4 Kg7 39. b5 Rb2 40. e4 Rb4 41. e5 Kg8 42. Kg4 h6 43. h4 Kf8 44. h5 g5 45. Kf5 gxf4 46. gxf4 Kg8 47. b6 Kf8 48. Rb8+ Kg7 49. Rb7 Kf8 50. e6 fxe6+ 51. Ke5 Kg8 52. Rb8+ Kf7 53. Rb7+ Kg8 54. Kf6 Rxf4+ 55. Kg6 Rg4+ 56. Kxh6 Rg3 57. Rc7 Rb3 58. b7 Kf8 59. Rc8+ Ke7 60. b8=Q 1-0

[Event "*** Titled Tuesday Blitz"]
[Site "Chess.com"]
[Date "2020.01.07"]
[Round "3"]
[White "Duhless"]
[Black "Rikikits"]
[Result "1-0"]
[WhiteElo "3115"]
[BlackElo "2712"]
[TimeControl "180+2"]
[EndTime "13:40:10 PST"]
[Termination "Duhless won by resignation"]

1. c4 f6 2. Nc3 Nh6 3. d4 Nf7 4. e4 g6 5. h4 d6 6. h5 g5 7. Be2 c5 8. d5 Ne5 9. h6 Nbd7 10. Bh5+ Ng6 11. g3 Ne5 12. f4 gxf4 13. gxf4 Nf7 14. Nf3 Bxh6 15. f5 Bxc1 16. Rxc1 Kd7 17.
fxg6 hxg6 18. Bg4+ Kc7 19. Nb5+ Kb8 20. Rxh8 Qxh8 21.
Bxc8 Kxc8 22. Kf2 a6 23. Nc3 Kc7 24. Qh1 Qg7 25. Ne2 Rh8 26. Qg2 Kb8 27. Rh1 Rxh1 28.
Qxh1 Ng5 29. Nxg5 fxg5 30. Qc1 Qf6+ 31. Kg2 g4 32. Qc3 Qg5 33. a3 a5 34. b3 Qh6 35. Qg3 Qd2 36. Qxg4 Qb2 37. Qf3 Qxa3 38. Qf8+ Ka7 39. Qxe7 Qb2 40. Kf2 Qxb3 41. e5 dxe5 42. d6 e4 43. d7 Qf3+ 44. Ke1 e3 45. Qxc5+ b6 46. Qc7+ Ka6 47. Qc8+ Ka7 48. d8=Q Qf2+ 49. Kd1 Qf1+ 50. Kc2 Qxe2+ 51. Kc3 Qe1+ 52. Kd3 Qd1+ 53. Kxe3 Qe1+ 54. Kd4 Qf2+ 55. Kd5 Qf3+ 56. Kd6 Qf4+ 57. Ke7 Qh4+ 58. Kf7 Qh7+ 59. Kf6 Qh4+ 60. Kg7 1-0

[Event "*** Titled Tuesday Blitz"]
[Site "Chess.com"]
[Date "2020.01.07"]
[Round "3"]
[White "goldenspine"]
[Black "AlexanderKing"]
[Result "1-0"]
[WhiteElo "2349"]
[BlackElo "2549"]
[TimeControl "180+2"]
[EndTime "13:40:10 PST"]
[Termination "goldenspine won on time"]

1. d4 Nf6 2. Nf3 g6 3. c4 Bg7 4.
g3 O-O 5. Bg2 d6 6. O-O Nc6 7.
Nc3 a6 8. d5 Na5 9. Nd2 b5 10.
cxb5 axb5 11. Nxb5 Ba6 12. a4 Qb8 13. b4 Nc4 14.
Nxc4 Bxb5 15. Qb3 Nxd5 16. axb5 Rxa1 17. Bxd5 Qxb5 18. Bf3 Rb8 19. Na3 Qf5 20. Be3 Rxf1+ 21. Kxf1 Bf6 22. Qc4 Qd7 23. b5 h5 24. Kg2 Kf8 25. h4 Kg8 26. Bc6 Qd8 27. Nc2 e6 28.
Nb4 d5 29. Qd3 Qd6 30. Na6 Rd8 31. Bf4 e5 32. Bg5 d4 33. Bxf6 Qxf6 34. Nxc7 Qd6 35. Nd5 Kg7 36. e3 dxe3 37. Qxe3 f5 38. Qg5 Kf7 39. Ne3 Rc8 40. Qh6 Qf6 41. Qh7+ Qg7 42. Bd5+ Kf6 43. Qxg7+ Kxg7 44. Nc4 Rc5 45. Be6 Rxb5 46.
Ne3 Kf6 47. Bd7 f4 48. Bxb5 fxe3 49. fxe3 g5 50. Be2 gxh4 51. gxh4 Kf5 52. Bxh5 Ke4 53. Kf2 1-0

[Event "*** Titled Tuesday Blitz"]
[Site "Chess.com"]
[Date "2020.01.07"]
[Round "3"]
[White "tigra"]
[Black "ExploringChess"]
[Result "1-0"]
[WhiteElo "2763"]
[BlackElo "2576"]
[TimeControl "180+2"]
[EndTime "13:40:11 PST"]
[Termination "tigra won on time"]

1. e4 e6 2. d4 d5 3. Nc3 Nf6 4. e5 Nfd7 5. f4 c5 6. Nf3 Nc6 7. Be3 Be7 8. Qd2 a6 9. dxc5 Nxc5 10. O-O-O Qa5 11. Kb1 b5 12. Bd3 b4 13. Ne2 Qc7 14.
h4 a5 15. Rh3 Nxd3 16. cxd3 Ba6 17. Rg3 g6 18. Rc1 Qb7 19. Bc5 Rc8 20. Bxe7 Nxe7 21.
Rxc8+ Qxc8 22. Nfd4 h5 23. Rf3 O-O 24. Rf1 a4 25.
Rc1 Qb8 26. Rc5 Rc8 27. Rxc8+ Qxc8 28. b3 axb3 29. axb3 Qc5 30. Kb2 Kg7 31. g3 Nf5 32.
Qc2 Qa7 33. Nxf5+ gxf5 34. Qd2 Qf2 35. Kc2 d4 36. Kc1 Bb7 37. Qxb4 Qxe2 38. Qxb7 Qxd3 39. Qb4 Qxg3 40. Kb2 Qxh4 41. Qxd4 Qg4 42. Qd8 h4 43. Qf6+ Kg8 44. Qd8+ Kh7 45. Qf6 Qh5 46. Qd8 h3 47. Qd1 h2 48. Qxh5+ 1-0

[Event "*** Titled Tuesday Blitz"]
[Site "Chess.com"]
[Date "2020.01.07"]
[Round "3"]
[White "Atakishiyev04"]
[Black "BIG_Pirate"]
[Result "1-0"]
[WhiteElo "2727"]
[BlackElo "2422"]
[TimeControl "180+2"]
[EndTime "13:40:13 PST"]
[Termination "Atakishiyev04 won on time"]

1. d4 d5 2. c4 c6 3. Nf3 dxc4 4. a4 Nf6 5. Nc3 e6 6. e3 c5 7. Bxc4 Nc6 8. O-O Be7 9. Qe2 cxd4 10. Rd1 O-O 11. exd4 Nb4 12. Bb3 Nbd5 13. Bg5 h6 14.
Bh4 Bd7 15. Rac1 Bc6 16. Bg3 Rc8 17. Ne5 Nxc3 18. bxc3 Ba3 19. Ra1 Bd6 20. Nxf7 Rxf7 21. Qxe6 Bd5 22. Bxd5 Nxd5 23. Qxd5 Bxg3 24. Qxd8+ Rxd8 25. hxg3 Rc7 26. Rab1 b6 27. Rd3 Rd5 28. Rb5 Rd6 29. a5 Re7 30. axb6 axb6 31. Re3 Ra7 32. Rb3 Rd5 33. g4 b5 34. f4 Ra2 35. Re5 Rxe5 36.
fxe5 Rc2 37. d5 Kf7 38. Rxb5 Rxc3 39. Rb7+ Kf8 40. d6 Rd3 41. Rb8+ Kf7 42. Rb7+ Kf8 43. Kf2 Rd5 44. Re7 g6 45. Ke3 Rd1 46. Ke4 Rd2 47.
g5 hxg5 48. g4 Rd1 49. Re6 Kf7 50. Rf6+ Kg7 51. Rf2 Kg8 52. Rf3 Kg7 53. Rd3 Re1+ 54. Kd5 Kf7 55. Rf3+ Ke8 56. Ke6 1-0

[Event "*** Titled Tuesday Blitz"]
[Site "Chess.com"]
[Date "2020.01.07"]
[Round "3"]
[White "IgorBjelobrk"]
[Black "chess3054"]
[Result "1-0"]
[WhiteElo "2636"]
[BlackElo "2414"]
[TimeControl "180+2"]
[EndTime "13:40:17 PST"]
[Termination "IgorBjelobrk won by checkmate"]

1. d4 e6 2. c4 Bb4+ 3. Nc3 Nf6 4.
g3 O-O 5. Bg2 d5 6. Nf3 b6 7.
cxd5 exd5 8. O-O Bb7 9. Bf4 a6 10. Rc1 Bd6 11. Be5 Ne4 12. e3 f6 13. Bxd6 Qxd6 14.
Qb3 Kh8 15. Rc2 Nd7 16. Rfc1 Rac8 17. Bh3 c5 18. dxc5 Ndxc5 19. Qb4 Rcd8 20. Rd1 Ng5 21. Bg2 Nxf3+ 22. Bxf3 Qe6 23. Rcd2 a5 24. Qh4 Qe7 25. Nxd5 Bxd5 26. Rxd5 Rxd5 27. Rxd5 Rd8 28. Qd4 Rxd5 29. Qxd5 g6 30. Qc6 Kg7 31. Qxb6 Kh6 32. Qxa5 Qd6 33.
Qc3 Ne6 34. b4 Ng5 35. Be2 f5 36. h4 Ne4 37. Qd4 Qc7 38. Bf3 Qc1+ 39. Kg2 Nd2 40. Be2 Qe1 41. Bd3 Qd1 42. Qd5 Qa1 43. b5 Qb2 44. a4 Qb4 45. Qa8 Kg7 46. a5 Qc3 47. Qb7+ Kh6 48. Qd5 Nb3 49. a6 Nc5 50. a7 Nxd3 51. a8=Q Ne1+ 52. Kf1 Nd3 53. Qf8+ Kh5 54. Qf3# 1-0

[Event "*** Titled Tuesday Blitz"]
[Site "Chess.com"]
[Date "2020.01.07"]
[Round "3"]
[White "wild_cat99"]
[Black "HrvojeZagreb"]
[Result "0-1"]
[WhiteElo "2403"]
[BlackElo "2236"]
[TimeControl "180+2"]
[EndTime "13:40:17 PST"]
[Termination "HrvojeZagreb won by resignation"]

1. e4 e6 2. d4 d5 3. Nc3 dxe4 4. Nxe4 Nd7 5. Bd3 Ngf6 6. c3 b6 7. Nf3 Bb7 8. Nxf6+ Nxf6 9. O-O Be7 10. Bg5 O-O 11. Qe2 h6 12. Bxf6 Bxf6 13. Ne5 Qd5 14. f4 c5 15. Bc4 Qd6 16. Rad1 Rad8 17. Kh1 Qc7 18. dxc5 Bxe5 19. cxb6 Qc6 20. fxe5 axb6 21. Bb5 Qc5 22. Bd3 Kh8 23. Bb1 Rxd1 24. Rxd1 g6 25. Rd7 Bc6 26. Rc7 Bxg2+ 27. Kxg2 Qxc7 28. Qe3 Kg7 29. Qf4 Qe7 30. h4 Rd8 31. a4 Rd7 32. b4 f5 33. Qe3 Qxh4 34. Bd3 Qg5+ 35. Kf2 Qxe3+ 36. Kxe3 Rd5 37. c4 Rxe5+ 38. Kd4 Re1 39. c5 bxc5+ 40. Kxc5 e5 41. b5 e4 42. Bc4 e3 43. b6 Rc1 44. Kd4 Rxc4+ 45. Kxc4 e2 46. b7 e1=Q 47. b8=Q Qe6+ 48.
Kd3 Qe4+ 49. Kd2 h5 50. Qa7+ Kh6 51. Qe3+ Qxe3+ 52. Kxe3 h4 53. a5 h3 54. a6 h2 55.
Kf2 h1=Q 0-1

[Event "*** Titled Tuesday Blitz"]
[Site "Chess.com"]
[Date "2020.01.07"]
[Round "3"]
[White "dawtonlms"]
[Black "Colombiano07"]
[Result "0-1"]
[WhiteElo "2340"]
[BlackElo "2172"]
[TimeControl "180+2"]
[EndTime "13:40:17 PST"]
[Termination "Colombiano07 won by resignation"]

1. e4 c5 2. Nf3 Nc6 3. Bb5 e6 4. O-O Nge7 5. Re1 a6 6. Bf1 d5 7.
exd5 Nxd5 8. d4 cxd4 9. Nxd4 Bc5 10. Nxc6 Qf6 11. Qe2 bxc6 12. Nd2 Nf4 13. Qf3 Nd5 14.
Qxf6 Nxf6 15. Nb3 Bb6 16. Be3 Bxe3 17. Rxe3 Nd5 18. Rd3 Rb8 19. g3 a5 20. a4 O-O 21.
Bg2 Ba6 22. Rdd1 Be2 23. Rd2 Bh5 24. Nxa5 Rxb2 25. Nxc6 Bg6 26. Bxd5 exd5 27. Ne7+ Kh8 28. Nxd5 Rxc2 29. Rxc2 Bxc2 30. Ne3 Bd3 31. Rd1 Ba6 32. Rd6 Ra8 33. a5 g6 34. f4 Kg7 35. Ng4 Be2 36. Ne5 f6 37. Rd7+ Kh6 38. Nf7+ Kh5 39.
Rd5+ f5 40. Ne5 Rb8 41. Rd7 h6 42. Kf2 Rb2 43. Ke3 Bf1 44. h4 Ra2 45. Rd1 Bg2 46. Rd2 Ra3+ 47. Kd4 Be4 48. Nc4 Rxg3 49. a6 Kxh4 50.
a7 Kg4 51. Re2 Rd3+ 52. Kc5 Rd8 53. Nb6 Kxf4 54. Ra2 g5 55. a8=Q Bxa8 56. Nxa8 g4 57. Nb6 g3 58. Nd5+ Rxd5+ 59. Kxd5 h5 60. Kd4 h4 61.
Kd3 Kf3 0-1

[Event "*** Titled Tuesday Blitz"]
[Site "Chess.com"]
[Date "2020.01.07"]
[Round "3"]
[White "Kosche007"]
[Black "ChEsper99"]
[Result "1-0"]
[WhiteElo "2367"]
[BlackElo "1999"]
[TimeControl "180+2"]
[EndTime "13:40:19 PST"]
[Termination "Kosche007 won by resignation"]

1. e4 c5 2. Nf3 d6 3. d4 cxd4 4. Qxd4 e5 5. Bb5+ Nd7 6. Qd3 a6 7. Bc4 Nb6 8. Bb3 Be6 9. Nc3 Nf6 10. Bg5 Bxb3 11. axb3 Nbd7 12. O-O-O Be7 13. Bxf6 Nxf6 14. Nd5 Nxd5 15. Qxd5 Qc7 16. Rd3 O-O 17. Rhd1 Qc6 18. Rc3 Qxd5 19. Rxd5 Rac8 20. g4 g6 21. Rxc8 Rxc8 22. Kd1 Kg7 23. g5 h6 24. h4 hxg5 25. hxg5 f5 26. gxf6+ Kxf6 27. Nd2 Ke6 28. Nc4 g5 29. Rd3 Rf8 30. Ke2 Rf4 31. Nd2 g4 32. Rc3 Bh4 33. f3 g3 34. Kf1 Bg5 35. Kg2 Rh4 36. Nf1 Bf4 37. Rc8 Rh7 38. Rg8 Rc7 39. c3 Bc1 40. Nxg3 Bxb2 41. c4 b5 42. Rg6+ Kd7 43. Nf5 Rc6 44. Rg7+ Kc8 45. Ne7+ Kc7 46. Nxc6+ Kxc6 47. cxb5+ axb5 48. Kf1 Kc5 49. Rb7 b4 50. Ke2 Bc3 51. Kd3 Be1 52. Rc7+ Kb6 53. Rc1 Bf2 54. Kc4 Bc5 55. Kd5 Kb5 56. Rh1 Kb6 57. Rh7 Kb5 58. Rd7 Kb6 59. Rxd6+ 1-0

[Event "*** Titled Tuesday Blitz"]
[Site "Chess.com"]
[Date "2020.01.07"]
[Round "3"]
[White "TigrVShlyape"]
[Black "Gahan-MG"]
[Result "1-0"]
[WhiteElo "2805"]
[BlackElo "2496"]
[TimeControl "180+2"]
[EndTime "13:40:20 PST"]
[Termination "TigrVShlyape won by resignation"]

1. d4 Nf6 2. Nf3 g6 3. Bf4 Bg7 4. c3 O-O 5. h3 d5 6. Nbd2 c5 7.
e3 cxd4 8. exd4 Nc6 9. Be2 Qb6 10. Qb3 Qxb3 11. axb3 Bf5 12. b4 a6 13. Nb3 Nd7 14.
O-O Bc2 15. Nbd2 f6 16. Ne1 Bf5 17. Bf3 Be6 18. Nc2 Bf7 19. Nb3 e5 20. Bh2 e4 21.
Be2 f5 22. Nc5 Nxc5 23. bxc5 Be6 24. Bd6 Rfc8 25. f4 Bf8 26. Bxf8 Kxf8 27. Ne3 Ne7 28.
Ra3 Ke8 29. g3 Kd7 30. Rfa1 h6 31. h4 g5 32. h5 g4 33. Kf2 Bf7 34. b4 Rab8 35.
Rh1 Ke6 36. c4 Kf6 37. cxd5 Nxd5 38. Nxd5+ Bxd5 39. Ke3 Rd8 40. Rb1 Bc6 41. Ra5 Be8 42. Bc4 Bxh5 43. b5 axb5 44. Raxb5 Be8 45. Rb6+ Kg7 46.
Rxb7+ Rxb7 47. Rxb7+ Kf6 48. Rb6+ Kg7 49. Be6 Kf6 50.
Bc8+ Kg7 51. Bxf5 Ra8 52. Rb3 Bf7 53. Rc3 Bd5 54. c6 Kf6 55. Bxg4 h5 56. Bh3 Rg8 57. Kf2 Be6 58. Bxe6 Kxe6 59. c7 Rc8 60. Ke3 Kd7 61. Kxe4 Re8+ 62. Kf5 Kc8 63. Kg5 1-0

[Event "*** Titled Tuesday Blitz"]
[Site "Chess.com"]
[Date "2020.01.07"]
[Round "3"]
[White "igorkovalenko"]
[Black "Sven_Tica"]
[Result "1/2-1/2"]
[WhiteElo "2905"]
[BlackElo "2665"]
[TimeControl "180+2"]
[EndTime "13:40:21 PST"]
[Termination "Game drawn by agreement"]

1. d4 d5 2. c4 e6 3. Nc3 Nf6 4. cxd5 exd5 5. Bg5 c6 6. e3 Be6 7. Bd3 Nbd7 8. f4 h6 9. Bh4 g5 10. Bg3 gxf4 11. Bxf4 Rg8 12. g3 h5 13. Nf3 Be7 14. Qc2 Bg4 15. Nh4 Ne4 16. Bxe4 dxe4 17. Qxe4 Nf6 18. Qc2 Qd7 19. Rf1 Nd5 20. Nf3 f6 21. O-O-O Nxf4 22. gxf4 O-O-O 23. e4 Kb8 24. a3 Bd6 25. e5 Bc7 26. b4 Bf5 27. Qe2 Rg4 28. Ne1 a5 29. Nc2 axb4 30. Nxb4 Qf7 31. Kb2 Bb6 32. d5 cxd5 33. Ncxd5 Bc5 34. Nxf6 Rxd1 35. Rxd1 Rxf4 36. Rd8+ Ka7 37. Rd2 Bxb4 38. Qe3+ Kb8 39. Qxf4 Bxd2 40. Qxd2 Qc4 41. Nd5 Be6 42. Nc3 Qb3+ 43.
Kc1 Qxa3+ 44. Kd1 Bg4+ 45. Ke1 Qc5 46. Qd6+ Qxd6 47. exd6 Kc8 48. Ne4 Bf5 49. Nf6 h4 50.
Kd2 b5 51. Kc3 Kb7 52. Kb4 Kc6 53. d7 Bxd7 54. Nxd7 Kxd7 55. Kxb5 Kd6 56. Kc4 Ke5 57. Kd3 Kf4 58. Ke2 Ke4 59. Kf2 Kf4 60. Kg2 Kg4 61. Kf2 Kh3 62. Kg1 1/2-1/2

[Event "*** Titled Tuesday Blitz"]
[Site "Chess.com"]
[Date "2020.01.07"]
[Round "3"]
[White "ExcitingTrap"]
[Black "Kostina_Nadezhda"]
[Result "0-1"]
[WhiteElo "2310"]
[BlackElo "2126"]
[TimeControl "180+2"]
[EndTime "13:40:26 PST"]
[Termination "Kostina_Nadezhda won by checkmate"]

1. e4 c5 2. Nf3 Nc6 3. Bb5 d6 4. Bxc6+ bxc6 5. O-O e5 6. c3 Nf6 7. d4 cxd4 8. cxd4 exd4 9. Qxd4 Be7 10. Bf4 O-O 11. Nc3 Bg4 12. Rad1 Bxf3 13. gxf3 Ne8 14. Kh1 Rb8 15. Rg1 Rxb2 16. Nd5 Rxa2 17. Nxe7+ Qxe7 18. Bxd6 Qxd6 19. Rxg7+ Kh8 20. Qc3 Qxd1+ 21. Rg1+ f6 22. Rxd1 Rxf2 23. Qxc6 Rxf3 24. e5 fxe5 25. Rd8 Ng7 26. Ra8 Rf1+ 27. Kg2 Rf2+ 28. Kh3 Kg8 29. Qd5+ Kh8 30. Rxf8+ Rxf8 31. Qxe5 Re8 32. Qa5 Re3+ 33. Kg4 Re7 34. Qd8+ Re8 35. Qa5 Re7 36. Kg5 Kg8 37.
Qd8+ Kf7 38. Qd5+ Kf8 39. Kf6 Re6+ 40. Kg5 Rg6+ 41. Kh4 a6 42. Qd8+ Ne8 43. Qd7 Rh6+ 44.
Kg5 Rg6+ 45. Kf4 Rf6+ 46. Ke5 Rf7 47. Qd3 Re7+ 48. Kf4 a5 49. Kg5 Re5+ 50. Kh6 Re6+ 51. Kxh7 Nd6 52. h4 Nf7 53. Qf3 Rh6# 0-1

[Event "*** Titled Tuesday Blitz"]
[Site "Chess.com"]
[Date "2020.01.07"]
[Round "3"]
[White "VeraNebolsina"]
[Black "luis-garcia"]
[Result "1-0"]
[WhiteElo "2355"]
[BlackElo "2139"]
[TimeControl "180+2"]
[EndTime "13:40:27 PST"]
[Termination "VeraNebolsina won by resignation"]

1. e4 c5 2. Nc3 d6 3. Bc4 Nc6 4. d3 Nf6 5. Nf3 g6 6. O-O Bg7 7. a3 O-O 8. Ne2 a6 9. Ng3 b5 10. Ba2 Bg4 11. h3 Bxf3 12. Qxf3 Nd4 13. Qd1 b4 14. axb4 cxb4 15. Be3 Nd7 16. Qd2 a5 17.
c3 bxc3 18. bxc3 Nb5 19. d4 a4 20. f4 Qa5 21. Ne2 Rac8 22. Rac1 Nb6 23. Qd3 Na3 24.
c4 Qb4 25. Bd2 Qb2 26. Rc3 Qxa2 27. Rxa3 Qxc4 28. Qe3 Rfd8 29. f5 e5 30. f6 Bf8 31.
Ba5 Rb8 32. d5 Qc5 33. Qxc5 dxc5 34. Bxb6 Rxb6 35. Rxa4 Rc8 36. Rc4 Rb4 37. Rfc1 Rxc4 38. Rxc4 Bd6 39. Kf2 Kf8 40. Ke3 Rb8 41. Kd3 Ke8 42. Ra4 Kd7 43. Ra7+ Bc7 44. Nc3 Kd6 45.
Ra6+ Kd7 46. Kc4 Rc8 47. Nb5 Kd8 48. d6 Bb8 49. Rb6 Ke8 50. Rb7 Kf8 51. d7 Rd8 52. Kxc5 h5 53. Kc6 Kg8 54. Nd6 Rf8 55. Ne8 1-0

[Event "*** Titled Tuesday Blitz"]
[Site "Chess.com"]
[Date "2020.01.07"]
[Round "3"]
[White "Hadza_3"]
[Black "stoleriu"]
[Result "1-0"]
[WhiteElo "2387"]
[BlackElo "2562"]
[TimeControl "180+2"]
[EndTime "13:40:31 PST"]
[Termination "Hadza_3 won by checkmate"]

1. e4 e6 2. Nf3 d5 3. e5 c5 4. g3 Nc6 5. Bg2 Nge7 6. O-O Ng6 7. Qe2 Be7 8. d3 O-O 9. h4 Qc7 10. Re1 f6 11. exf6 Bxf6 12. c4 Kh8 13. Nc3 dxc4 14. dxc4 b6 15. h5 Nge7 16. Bf4 Qd8 17. Nb5 a6 18.
Nc7 Ra7 19. Nxe6 Bxe6 20. Qxe6 Bxb2 21. Rad1 Qe8 22. h6 Qg6 23. hxg7+ Bxg7 24. Bd6 Rf6 25. Nh4 Rxe6 26. Nxg6+ Rxg6 27. Bxc6 Bf8 28. Be8 Rg8 29.
Bf7 Rg5 30. Be5+ Bg7 31. Bf4 Bf6 32. Bxg5 Bxg5 33. Bd5 Kg7 34. Re6 Bf6 35. Rxb6 Nf5 36. Rb7+ Rxb7 37. Bxb7 a5 38. Rd5 Nd4 39. Rxc5 a4 40.
Ra5 Ne2+ 41. Kf1 Nc3 42. c5 Bd8 43. Ra7 Kf6 44. Bf3 Ke5 45. Rxh7 Nxa2 46. c6 Kd6 47. Rd7+ Kc5 48. Rxd8 Nb4 49. c7 a3 50. c8=Q+ Kb5 51.
Qa8 a2 52. Rb8+ Kc4 53. Rxb4+ Kc3 54. Qxa2 Kd3 55. Be2+ Kc3 56. Rb1 Kd4 57. Qd2+ Kc5 58. g4 Kc6 59. g5 Kc7 60. g6 Kc8 61. g7 Kc7 62. f4 Kc6 63. f5 Kc5 64. f6 Kc6 65. f7 Kc7 66. Bf3 Kc8 67. f8=Q+ Kc7 68.
Qfd6+ Kc8 69. g8=Q# 1-0

[Event "*** Titled Tuesday Blitz"]
[Site "Chess.com"]
[Date "2020.01.07"]
[Round "3"]
[White "SmirnovAlexandrA"]
[Black "Everyfishknows"]
[Result "1/2-1/2"]
[WhiteElo "2127"]
[BlackElo "2335"]
[TimeControl "180+2"]
[EndTime "13:40:31 PST"]
[Termination "Game drawn - insufficient material"]

1. e4 e5 2. Nf3 Nc6 3. Bb5 a6 4.
Ba4 Nf6 5. O-O Be7 6. Re1 b5 7. Bb3 d6 8. h3 O-O 9. c3 Na5 10. Bc2 c5 11. d4 Qc7 12. Nbd2 cxd4 13. cxd4 Nc6 14. Nb3 a5 15. d5 Nb4 16. Bb1 a4 17.
Nbd2 Bd7 18. a3 Na6 19. Nf1 Nc5 20. Bc2 Rfc8 21. Ng3 h6 22. Be3 Qb7 23. Rc1 b4 24. Bb1 Nb3 25. Rxc8+ Rxc8 26. Nd2 Nc5 27. Nc4 Qa6 28.
axb4 Ncxe4 29. Nxe4 Qxc4 30. Nxf6+ Bxf6 31. Qd2 Bb5 32.
Rc1 Qxc1+ 33. Qxc1 Rxc1+ 34. Bxc1 Bc4 35. Be4 Bd8 36.
f3 g6 37. g4 Bb6+ 38. Kg2 Bd4 39. h4 f5 40. gxf5 gxf5 41. Bxf5 Bxd5 42. Bc2 Bc6 43.
b3 axb3 44. Bxb3+ Kg7 45. Bc4 d5 46. Bd3 e4 47. fxe4 dxe4 48. Bc4 h5 49. Bg5 Kg6 50.
Kf1 Kf5 51. Ke2 Bb6 52. b5 Bb7 53. Bf7 Kg4 54. Be6+ Kg3 55. Bf7 Kg4 56. Be6+ Kg3 57. Bd7 Bd5 58. Be3 Bc4+ 59. Kd2 Bxe3+ 60. Kxe3 Bxb5 61. Bxb5 Kxh4 62. Bc6 Kg3 63. Bxe4 h4 64. Bf5 h3 65. Bxh3 1/2-1/2

[Event "*** Titled Tuesday Blitz"]
[Site "Chess.com"]
[Date "2020.01.07"]
[Round "3"]
[White "FearNoEvil12"]
[Black "ketster"]
[Result "1/2-1/2"]
[WhiteElo "2032"]
[BlackElo "2303"]
[TimeControl "180+2"]
[EndTime "13:40:32 PST"]
[Termination "Game drawn by repetition"]

1. e4 e5 2. d4 exd4 3. Bc4 Nc6 4. Nf3 Nf6 5. e5 d5 6. Bb5 Ne4 7. Nxd4 Bd7 8. Bxc6 bxc6 9. O-O Bc5 10. f3 Ng5 11. f4 Ne4 12. Nc3 Nxc3 13. bxc3 Bb6 14. Be3 Qe7 15. Qd2 O-O 16. Rae1 c5 17. Ne2 c6 18. Ng3 f6 19. Bf2 Rad8 20. e6 Bc8 21. f5 Ba6 22. Nh5 Bxf1 23. Rxf1 d4 24. c4 g6 25. Ng3 Bc7 26. Re1 Rde8 27. Qh6 Qg7 28. Qh3 Re7 29. Ne4 Bb6 30. Bh4 Ree8 31. Qg3 Bc7 32. Qf3 Be5 33. Nxc5 gxf5 34. Qxf5 Qg6 35. Qh3 Kh8 36. Nd7 Rg8 37. Nxe5 fxe5 38. e7 e4 39. Rf1 h6 40. Bf6+ Kh7 41. g3 e3 42.
Bxd4 e2 43. Re1 Rxe7 44. Qg2 Rge8 45. c3 Qd3 46. Qf2 Qxc4 47. Qf5+ Kg8 48. Qg6+ Kf8 49. Qxh6+ Kg8 50. Qg6+ Kf8 51. Qh6+ Kg8 52. Qg6+ Kf8 53. Qh6+ 1/2-1/2